 Dungeon Crawl Stone Soup version 0.23.1-41-g7e51ed3 (webtiles) character file.

Game seed: 2828584318731480811

320 murizio the Magician (level 6, -4/28 HPs)
             Began as a Deep Elf Wizard on Mar 29, 2019.
             Was a Believer of Hepliaklqana.
             Slain by a gnoll
             ... wielding a +0 halberd
              (15 damage)
             ... on level 4 of the Dungeon.
             The game lasted 01:07:53 (2615 turns).

murizio the Magician (Deep Elf Wizard)              Turns: 2615, Time: 01:07:55

Health: -4/28      AC:  4    Str:  5      XL:     6   Next: 22%
Magic:  15/18      EV: 12    Int: 21 (24) God:    Hepliaklqana [**....]
Gold:   101        SH:  0    Dex: 12 (13) Spells: 12/20 levels left

rFire    . . .     SeeInvis .   c - +0 short sword
rCold    . . .     Gourm    .   (no shield)
rNeg     . . .     Faith    .   a - +0 robe
rPois    .         Spirit   .   b - +0 hat
rElec    .         Reflect  .   d - +1 cloak
rCorr    .         Harm     .   (no gloves)
MR       .....                  (no boots)
Stlth    ++........             (no amulet)
HPRegen  0.09/turn              (no ring)
MPRegen  0.16/turn              (no ring)

@: no status effects
A: reduced essence
a: Recall Ancestor, Ancestor Identity, Renounce Religion


You were on level 4 of the Dungeon.
You worshipped Hepliaklqana.
Hepliaklqana was pleased with you.
You were not hungry.

You visited 2 branches of the dungeon, and saw 5 of its levels.

You collected 101 gold pieces.

Inventory:

Hand Weapons
 c - a +0 short sword (weapon)
 j - a +1 antimagic trident
Armour
 a - a +0 robe (worn)
 b - a +0 hat (worn)
 d - a +1 cloak (worn)
Wands
 k - a wand of paralysis (6)
Scrolls
 e - 4 scrolls of remove curse
 h - 3 scrolls of teleportation
 i - 5 scrolls of identify
 l - 2 scrolls of fog
Potions
 f - a potion of agility
Comestibles
 g - 3 rations


   Skills:
 + Level 0.1 Fighting
 - Level 2.4 Dodging
 - Level 2.4 Stealth
 + Level 7.5 Spellcasting
 + Level 3.7 Conjurations
 + Level 2.9 Summonings
 + Level 1.1 Translocations


You had 12 spell levels left.
You knew the following spells:

 Your Spells              Type           Power        Failure   Level  Hunger
a - Magic Dart            Conj           ###.         1%          1    None
b - Conjure Flame         Conj/Fire      ###.....     12%         3    None
c - Blink                 Tloc           N/A          9%          2    None
d - Call Imp              Summ           ###.....     3%          2    None

Your spell library contained the following spells:

 Spells                   Type           Power        Failure   Level  Hunger
 Slow                     Hex            #.......     13%         2    None
 Mephitic Cloud           Conj/Pois/Air  ##......     16%         3    None


Dungeon Overview and Level Annotations

Branches:
Dungeon (4/15)             Temple (1/1) D:4

Altars:
Ashenzari
Cheibriados
Dithmenos
Elyvilon
Fedhas
Gozag
Hepliaklqana
Kikubaaqudgha
Makhleb
Nemelex Xobeh
Okawaru
Qazlal
Ru
Trog
Uskayaw
Zin
The Shining One


Message History

Something hits Titus!
Titus is destroyed!
Unknown command.
You feel sick.
The gnoll is too close now for your liking.
Casting: Magic Dart (safe; 1% risk of failure)
Confirm with . or Enter, or press ? or * to list all spells.
Aiming: Magic Dart (safe; 1% risk of failure)
Press: ? - help, Shift-Dir - straight line, f - gnoll
Aim: a gnoll The magic dart hits the gnoll.
The gnoll is heavily wounded.
You feel sick.
You feel sick.
You feel sick.
You feel sick.
You are no longer poisoned.
The gnoll hits you from afar with a +0 halberd!
Ouch! That really hurt!
You die...

#...####....##....#......#
#...####....##....#......#
.......#.....#....#......#
.......#....##....#......#
.......#....##....#......#
.......#..........+......#
.......#†......g..g<.....#
.......'...######.#......#
###'#####.##....@##......#
... ..###$##..g.......#
.... ..# ##...........#
..gg.... ##.(..........#
......# ###.............#
...... ..........(.....#
.... ###########'#.......#
........#...'.......#
........#...#.......#


You could see 2 gnolls.

Vanquished Creatures
  A gnoll shaman (D:4)
  Ijyb (D:3)
  An orc wizard (D:4)
  2 adders (D:2)
  4 gnolls
  2 worms
  3 dart slugs
  A leopard gecko (D:2)
  An orc (D:3)
  A ball python (D:1)
  8 bats
  2 giant cockroaches
  4 goblins
  6 hobgoblins
  2 jackals (D:3)
  4 kobolds
  A quokka (D:2)
  2 frilled lizards (D:1)
  7 rats
53 creatures vanquished.

Vanquished Creatures (collateral kills)
  An orc priest (D:4)
  An orc wizard (D:4)
  A worker ant (D:4)
  2 gnolls (D:4)
  3 adders
  2 orcs (D:4)
  A hobgoblin (D:3)
  A quokka (D:4)
  A kobold (D:2)
  A rat (D:2)
14 creatures vanquished.

Vanquished Creatures (others)
  An ancestor (D:3)
  2 battlemagi (D:4)
3 creatures vanquished.

Grand Total: 70 creatures vanquished

Notes
Turn   | Place    | Note
-------+----------+-------------------------------------------
     0 | D:1      | murizio the Deep Elf Wizard began the quest for the Orb.
     0 | D:1      | Reached XP level 1. HP: 10/10 MP: 7/7
   113 | D:1      | Reached skill level 5 in Spellcasting
   255 | D:1      | Reached XP level 2. HP: 15/15 MP: 7/10
   650 | D:1      | Reached XP level 3. HP: 17/19 MP: 1/12
   902 | D:2      | Found a shadowy altar of Dithmenos.
   970 | D:2      | Learned a level 3 spell: Conjure Flame
   980 | D:2      | Learned a level 2 spell: Blink
   983 | D:2      | Learned a level 2 spell: Call Imp
  1056 | D:2      | Reached skill level 6 in Spellcasting
  1254 | D:2      | Reached XP level 4. HP: 24/24 MP: 0/14
  1455 | D:3      | Found a bloodstained altar of Trog.
  1455 | D:3      | Noticed an eye of draining
  1455 | D:3      | Noticed an eye of draining
  1506 | D:3      | Found a faded altar of an unknown god.
  1512 | D:3      | Became a worshipper of Hepliaklqana the Forgotten
  1512 | D:3      | Reached * piety under Hepliaklqana
  1719 | D:3      | Noticed Ijyb
  1726 | D:3      | Paralysed by Ijyb for 7 turns
  1735 | D:3      | Killed Ijyb
  2047 | D:4      | Reached ** piety under Hepliaklqana
  2048 | D:4      | Remembered your ancestor Titus as a battlemage
  2062 | D:4      | Reached XP level 5. HP: 25/25 MP: 12/16
  2080 | D:4      | Reached skill level 7 in Spellcasting
  2105 | D:4      | Found a staircase to the Ecumenical Temple.
  2131 | Temple   | Entered the Ecumenical Temple
  2406 | D:4      | Reached XP level 6. HP: 15/28 MP: 10/18
  2615 | D:4      | Slain by a gnoll

Skill      XL: |  1  2  3  4  5 |
---------------+----------------+-----
Spellcasting   | 5 6 7 |  7.5
Conjurations   | 3 |  3.7
Summonings     | 2 |  2.9
Fighting       | |  0.1
Dodging        | |  2.4
Stealth        | |  2.4
Translocations | |  1.1

Action                   |  1- 3 |  4- 6 || total
-------------------------+-------+-------++-------
Melee: Unarmed           |     4 |       ||     4
       Short sword       |    10 |     3 ||    13
 Cast: Magic Dart        |    89 |    86 ||   175
       Call Imp          |     8 |     4 ||    12
Invok: Recall Ancestor   |       |     1 ||     1
       Ancestor Life: Ba |       |     1 ||     1
       Ancestor Identity |       |     1 ||     1
  Use: Scroll            |     5 |     3 ||     8
       Potion            |     4 |     2 ||     6
 Stab: Invisible         |     1 |       ||     1
       Sleeping          |     1 |       ||     1
  Eat: Ration            |     1 |     1 ||     2
Armor: Robe              |     8 |     4 ||    12
Dodge: Dodged            |    40 |    12 ||    52
